 Dungeon Sprint DCSS version 0.31.0-11-ge490571c62 (webtiles) character file.

Game seed: 1015230033581281873

9200000 Ashen the Axe Maniac (level 27, -109/228 HPs)
             Began as a Djinni Hedge Wizard on Jan 27, 2024.
             Was the Champion of Makhleb.
             Annihilated by a destroyer
             ... wielding a +9 heavy great sword
              (215 damage)
             ... in the Dungeon (Sprint VIII: "Arena of Blood").
             The game lasted 00:10:35 (92 turns).

Ashen the Axe Maniac (Djinni Hedge Wizard)            Turns: 92, Time: 00:10:36

Health: -109/228   AC:  4    Str:  9    XL:     27
Gold:   0          EV: 26    Int: 29    God:    Makhleb [******] SH:  0 Dex: 14

rFire   + + .        i - +∞ Axe of Woe
rCold   x . .        (shield currently unavailable)
rNeg    . . .        b - +0 robe
rPois   ∞            c - +0 hat
rElec   .            (no cloak)
rCorr   .            (no gloves)
SInv    +            (boots unavailable)
Will    ++...        (no amulet)
Stlth   +++++++++    j - ring of see invisible
HPRegen 0.58/turn    (no ring)
MPRegen 0.00/turn

%: no teleportation, infuse magic (-110 HP)
@: calling dragons, flying, slowed, very slow
A: sickness immunity, fire resistance 2, cold vulnerability 1, float, innate
caster, HP casting, extra vitality 1
a: Renounce Religion, Minor Destruction, Lesser Servant of Makhleb, Major
Destruction, Greater Servant of Makhleb


You were in the Dungeon.
You worshipped Makhleb.
Makhleb was exalted by your worship.
You visited 1 branch

Inventory:

Hand Weapons
 a - a +0 dagger
 i - the +∞ Axe of Woe (weapon)
   (You found it in the Dungeon)
Armour
 b - a +0 robe (worn)
 c - a +0 hat (worn)
Jewellery
 j - a ring of see invisible (left hand)
Scrolls
 h - a scroll of blinking
Potions
 d - a potion of curing
 e - a potion of heal wounds
 f - a potion of haste
 g - a potion of berserk rage


   Skills:
 O Level 27 Fighting
 O Level 27 Short Blades
 O Level 27 Long Blades
 O Level 27 Axes
 O Level 27 Maces & Flails
 O Level 27 Polearms
 O Level 27 Staves
 O Level 27 Ranged Weapons
 O Level 27 Throwing
 O Level 27 Armour
 O Level 27 Dodging
 O Level 27 Stealth
 O Level 27 Shields
 O Level 27 Unarmed Combat
 O Level 27 Spellcasting
 O Level 27 Conjurations
 O Level 27 Hexes
 O Level 27 Summonings
 O Level 27 Necromancy
 O Level 27 Translocations
 O Level 27 Fire Magic
 O Level 27 Ice Magic
 O Level 27 Air Magic
 O Level 27 Earth Magic
 O Level 27 Alchemy
 O Level 27 Invocations
 O Level 27 Evocations
 O Level 27 Shapeshifting


You knew the following spells:

 Your Spells              Type           Power      Damage    Failure   Level
a - Magic Dart            Conj           100%       1d8       0%          1
b - Slow                  Hex            100%       N/A       0%          1
c - Blink                 Tloc           100%       N/A       0%          2
d - Call Imp              Summ           100%       N/A       0%          2
e - Mephitic Cloud        Conj/Alch/Air  100%       N/A       0%          3
f - Sandblast             Erth           100%       2d20      0%          1
g - Momentum Strike       Conj/Tloc      100%       3d10      0%          2
h - Stone Arrow           Conj/Erth      100%       3d13      0%          3
i - Confusing Touch       Hex            100%       N/A       0%          3
j - Vhi's Electric Charg  Tloc/Air       100%       N/A       0%          4
k - Arcjolt               Conj/Air       57%        1d67      0%          5
l - Death Channel         Necr           57%        N/A       0%          6
m - Monstrous Menagerie   Summ           57%        N/A       0%          7
n - Dispersal             Tloc           57%        N/A       0%          6
o - Orb of Destruction    Conj           57%        9d14      0%          7
p - Disjunction           Tloc           57%        N/A       1%          8
q - Summon Horrible Thin  Summ           57%        N/A       1%          8
r - Dragon's Call         Summ           57%        N/A       1%          9
Your spell library was empty.

Dungeon Overview and Level Annotations

Branches:
Dungeon (1/1)

Altars:
Makhleb


Innate Abilities, Weirdness & Mutations

You are immune to sickness and miasma.
You are immune to poison.
Your flesh is very heat resistant. (rF++)
You are vulnerable to cold. (rC-)
You float through the air rather than walking.
You learn spells naturally, not from books.
Your magical power is your life essence.
You have superior vitality. (+4 MHP)


Message History

Casting: Vhi's Electric Charge (safe; 0% risk of failure)
Confirm with . or Enter, or press ? or * to list all spells.
Charge where?
Press: ? - help, Dir - move target, f - sculptor of flesh
Aim: a sculptor of flesh, wielding a +9 great sword and wearing a +250 ring of slaying (100% to hit)
You charge forward with an electric crackle!
A dread and an eight-headed meat hydra come into view.
You slice the sculptor of flesh like a ripe choko and electrocute it!!!
You slaughter the sculptor of flesh joyfully.
You destroy the sculptor of flesh!
Makhleb accepts your kill.
You feel better.
You slice the meat beast!! You chop the meat beast into pieces.
You kill the meat beast!
Makhleb accepts your kill.
You feel better.
You slash the observer! You chop the observer into pieces.
You kill the observer!
Makhleb accepts your kill.
You feel better.
You hear a shout!
You hear a hideous shriek!
You hear a loud, deep croak!
You hear a shout! x3
A meat beast comes into view. x2
A meat berserker comes into view. It is wielding a +9 battleaxe.
The destroyer gestures at you while chanting.
The destroyer blinks!
The accursed casts a spell at you. Something smites you!
Your fire dragon barely misses the bag of meat.
Your fire dragon claws the bag of meat.
Your fire dragon tramples the bag of meat!
The bag of meat stumbles backwards!
The destroyer points at you and mumbles some strange words.
The destroyer blinks!
The destroyer gestures at you while chanting.
The destroyer blinks!
The observer gazes at you. Something smites you!
The destroyer hits you with a +9 heavy great sword!!!!!
Ouch! That really hurt!
You die...

........o.... #.o)....#
....... #.).)OD.# .........
...###......2###.o..... .
........###O.......o..o.#
#.......o_Z.O....z.o......
......#oOZ)o#.o.z.o.#.#.. .
......#_o°)_#.WVVoV.oD.. ..
....o.#...))#oo@2oD#.#.#...
#........_§oo...Vo)Woo.o.W
........###.oV.§O§Wo#.#.#..
...###....)o)###§oo†§.....#
.....#....W.o#.ooo)o.......
.....#....2.o#.M...O..G...#
.........)))°OO)o....M.....
..o...o.)oM.o)).)#...#.....
.......D...)Mooo)#....#.....


You could see 2 accurseds, 3 meat beasts, an eight-headed meat hydra, 5
destroyers, an observer (fast, invisible), 2 sculptors of flesh, a large bag of
meat (inner flame), a dread, 4 meat berserkers, 3 wretched souls, 27 bags of
meat, a friendly storm dragon (summoned) and a friendly fire dragon (summoned).

Vanquished Creatures
  11 hell beasts (D)
  2 royal mummies (D)
  3 wraiths (D)
  A great orb of eyes (D)
  16 vampire knights (D)
  38 ogres (D)
  6 two-headed ogres (D)
  A lich (D)
  2 hydras (D)
  A phantom (D)
  84 orcs (D)
  7 skeletal warriors (D)
172 creatures vanquished.

Vanquished Creatures (collateral kills)
  2 orcs (D)
2 creatures vanquished.

Grand Total: 174 creatures vanquished

Notes
Turn   | Place    | Note
-------+----------+-------------------------------------------
     0 | D        | Found the +∞ Axe of Woe
     0 | D        | Ashen the Djinni Hedge Wizard began the quest for the Orb.
     0 | D        | Ashen set off with the following spells memorised: Magic
                  | Dart, Slow, Blink, Call Imp, Mephitic Cloud.
     0 | D        | Reached XP level 1. HP: 15/15 MP: 0/0
     1 | D        | Noticed a bag of meat
     2 | D        | Noticed a meat berserker
     3 | D        | Became a worshipper of Makhleb the Destroyer
     5 | D        | Killed a meat berserker
     5 | D        | Noticed a meat berserker
     6 | D        | Reached XP level 2. HP: 25/25 MP: 0/0
     6 | D        | Reached XP level 3. HP: 30/30 MP: 0/0
     6 | D        | Learned a level 1 spell: Sandblast
     6 | D        | Reached XP level 4. HP: 35/35 MP: 0/0
     6 | D        | Reached XP level 5. HP: 40/40 MP: 0/0
     6 | D        | Learned a level 2 spell: Momentum Strike
     6 | D        | Reached XP level 6. HP: 46/46 MP: 0/0
     6 | D        | Reached XP level 7. HP: 50/50 MP: 0/0
     6 | D        | Learned a level 3 spell: Stone Arrow
     6 | D        | Reached XP level 8. HP: 56/56 MP: 0/0
     6 | D        | Reached XP level 9. HP: 61/61 MP: 0/0
     6 | D        | Learned a level 3 spell: Confusing Touch
     6 | D        | Reached XP level 10. HP: 67/67 MP: 0/0
     6 | D        | Reached XP level 11. HP: 71/71 MP: 0/0
     6 | D        | Learned a level 4 spell: Vhi's Electric Charge
     6 | D        | Reached XP level 12. HP: 76/76 MP: 0/0
     6 | D        | Noticed a meat berserker
     6 | D        | Noticed a bag of meat
     6 | D        | Noticed a bag of meat
     7 | D        | Noticed a meat berserker
     8 | D        | Noticed a bag of meat
     8 | D        | Noticed a bag of meat
     8 | D        | Noticed a bag of meat
     8 | D        | Noticed a bag of meat
     8 | D        | Noticed a bag of meat
     8 | D        | Noticed a bag of meat
     9 | D        | Killed a meat berserker
     9 | D        | Reached * piety under Makhleb
     9 | D        | Killed a meat berserker
     9 | D        | Noticed a bag of meat
     9 | D        | Noticed a bag of meat
     9 | D        | Noticed a bag of meat
    10 | D        | Reached XP level 13. HP: 46/94 MP: 0/0
    10 | D        | Learned a level 5 spell: Arcjolt
    10 | D        | Reached XP level 14. HP: 49/101 MP: 0/0
    10 | D        | Killed a meat berserker
    10 | D        | Killed a bag of meat
    10 | D        | Reached ** piety under Makhleb
    10 | D        | Noticed a meat berserker
    10 | D        | Noticed a bag of meat
    10 | D        | Noticed a bag of meat
    10 | D        | Noticed a bag of meat
    10 | D        | Noticed a bag of meat
    10 | D        | Noticed a bag of meat
    11 | D        | Reached XP level 15. HP: 55/112 MP: 0/0
    11 | D        | Learned a level 6 spell: Death Channel
    13 | D        | Noticed a meat berserker
    14 | D        | Noticed a large bag of meat
    14 | D        | Noticed a meat berserker
    17 | D        | Noticed a meat berserker
    17 | D        | Killed a meat berserker
    18 | D        | Reached skill level 27 in Axes
    18 | D        | Reached XP level 16. HP: 64/124 MP: 0/0
    18 | D        | Reached *** piety under Makhleb
    21 | D        | Reached **** piety under Makhleb
    21 | D        | Reached ***** piety under Makhleb
    22 | D        | Reached skill level 27 in Fighting
    22 | D        | Reached skill level 5 in Short Blades
    22 | D        | Reached XP level 17. HP: 160/160 MP: 0/0
    22 | D        | Learned a level 7 spell: Monstrous Menagerie
    22 | D        | Noticed a large bag of meat
    22 | D        | Noticed a meat berserker
    24 | D        | Reached XP level 18. HP: 167/167 MP: 0/0
    24 | D        | Killed a meat berserker
    25 | D        | Reached skill level 10 in Spellcasting
    25 | D        | Reached skill level 10 in Conjurations
    25 | D        | Reached skill level 10 in Hexes
    25 | D        | Reached skill level 10 in Summonings
    25 | D        | Reached skill level 10 in Necromancy
    25 | D        | Reached skill level 10 in Translocations
    25 | D        | Reached skill level 10 in Fire Magic
    25 | D        | Reached skill level 10 in Ice Magic
    25 | D        | Reached skill level 10 in Air Magic
    25 | D        | Reached skill level 10 in Earth Magic
    25 | D        | Reached skill level 10 in Alchemy
    25 | D        | Noticed a meat berserker
    25 | D        | Noticed a large bag of meat
    26 | D        | Noticed a large bag of meat
    26 | D        | Killed a meat berserker
    26 | D        | Reached ****** piety under Makhleb
    26 | D        | Noticed a destroyer
    27 | D        | Reached skill level 15 in Armour
    27 | D        | Reached skill level 15 in Unarmed Combat
    27 | D        | Reached skill level 15 in Invocations
    27 | D        | Reached XP level 19. HP: 174/174 MP: 0/0
    27 | D        | Learned a level 6 spell: Dispersal
    27 | D        | Noticed a destroyer
    27 | D        | Noticed an eight-headed meat hydra
    28 | D        | Reached skill level 27 in Dodging
    28 | D        | Noticed a destroyer
    29 | D        | Killed a meat berserker
    30 | D        | Reached skill level 15 in Spellcasting
    30 | D        | Reached skill level 15 in Conjurations
    30 | D        | Reached skill level 15 in Hexes
    30 | D        | Reached skill level 15 in Summonings
    30 | D        | Reached skill level 15 in Necromancy
    30 | D        | Reached skill level 15 in Translocations
    30 | D        | Reached skill level 15 in Fire Magic
    30 | D        | Reached skill level 15 in Ice Magic
    30 | D        | Reached skill level 15 in Air Magic
    30 | D        | Reached skill level 15 in Earth Magic
    30 | D        | Reached skill level 15 in Alchemy
    30 | D        | Reached XP level 20. HP: 181/181 MP: 0/0
    30 | D        | Noticed a meat berserker
    32 | D        | Noticed a meat berserker
    32 | D        | Noticed a meat berserker
    32 | D        | Noticed a meat berserker
    32 | D        | Noticed a destroyer
    32 | D        | Noticed a destroyer
    32 | D        | Noticed a destroyer
    32 | D        | Noticed a destroyer
    32 | D        | Killed a destroyer
    32 | D        | Killed a large bag of meat
    32 | D        | Killed a destroyer
    32 | D        | Noticed a meat berserker
    32 | D        | Noticed a destroyer
    33 | D        | Reached XP level 21. HP: 177/187 MP: 0/0
    33 | D        | Learned a level 7 spell: Orb of Destruction
    33 | D        | Noticed a destroyer
    33 | D        | Noticed a meat berserker
    33 | D        | Noticed a destroyer
    33 | D        | Noticed a destroyer
    34 | D        | Noticed a destroyer
    34 | D        | Noticed a large bag of meat
    34 | D        | Killed a destroyer
    34 | D        | Noticed a meat berserker
    35 | D        | Reached skill level 27 in Stealth
    35 | D        | Reached XP level 22. HP: 194/194 MP: 0/0
    36 | D        | Killed a destroyer
    36 | D        | Noticed a large bag of meat
    38 | D        | Killed a destroyer
    38 | D        | Killed a meat berserker
    39 | D        | Reached XP level 23. HP: 201/201 MP: 0/0
    39 | D        | Learned a level 8 spell: Disjunction
    39 | D        | Noticed a destroyer
    39 | D        | Killed a destroyer
    40 | D        | Reached skill level 27 in Armour
    40 | D        | Reached skill level 27 in Unarmed Combat
    40 | D        | Reached skill level 27 in Invocations
    40 | D        | Killed a destroyer
    41 | D        | Reached skill level 27 in Short Blades
    43 | D        | Noticed a destroyer
    44 | D        | Reached skill level 27 in Spellcasting
    44 | D        | Reached skill level 27 in Conjurations
    44 | D        | Reached skill level 27 in Hexes
    44 | D        | Reached skill level 27 in Summonings
    44 | D        | Reached skill level 27 in Necromancy
    44 | D        | Reached skill level 27 in Translocations
    44 | D        | Reached skill level 27 in Fire Magic
    44 | D        | Reached skill level 27 in Ice Magic
    44 | D        | Reached skill level 27 in Air Magic
    44 | D        | Reached skill level 27 in Earth Magic
    44 | D        | Reached skill level 27 in Alchemy
    44 | D        | Killed a destroyer
    45 | D        | Reached XP level 24. HP: 208/208 MP: 0/0
    45 | D        | Noticed an accursed
    45 | D        | Killed a destroyer
    45 | D        | Noticed a tyrant
    46 | D        | Reached skill level 10 in Maces & Flails
    46 | D        | Reached skill level 10 in Polearms
    46 | D        | Killed a tyrant
    47 | D        | Reached skill level 10 in Ranged Weapons
    47 | D        | Reached skill level 10 in Throwing
    47 | D        | Reached skill level 10 in Shapeshifting
    47 | D        | Killed a destroyer
    47 | D        | Killed a large bag of meat
    48 | D        | Reached skill level 15 in Long Blades
    48 | D        | Reached skill level 15 in Shields
    48 | D        | Reached skill level 15 in Evocations
    48 | D        | Reached XP level 25. HP: 197/214 MP: 0/0
    48 | D        | Learned a level 8 spell: Summon Horrible Things
    48 | D        | Killed an accursed
    49 | D        | Reached skill level 15 in Maces & Flails
    49 | D        | Reached skill level 15 in Polearms
    49 | D        | Reached skill level 15 in Ranged Weapons
    49 | D        | Reached skill level 15 in Throwing
    49 | D        | Reached skill level 15 in Shapeshifting
    49 | D        | Killed a destroyer
    51 | D        | Reached XP level 26. HP: 221/221 MP: 0/0
    54 | D        | Killed a destroyer
    55 | D        | Noticed an accursed
    56 | D        | Noticed an accursed
    56 | D        | Killed a destroyer
    58 | D        | Reached XP level 27. HP: 228/228 MP: 0/0
    58 | D        | Learned a level 9 spell: Dragon's Call
    60 | D        | Noticed an accursed
    61 | D        | Noticed a dread
    64 | D        | Killed a dread
    64 | D        | Noticed a meat beast
    65 | D        | Noticed a destroyer
    66 | D        | Killed a large bag of meat
    66 | D        | Noticed a destroyer
    67 | D        | Reached skill level 27 in Shields
    67 | D        | Reached skill level 27 in Evocations
    68 | D        | Killed a large bag of meat
    68 | D        | Killed a large bag of meat
    69 | D        | Reached skill level 27 in Long Blades
    69 | D        | Noticed an accursed
    69 | D        | Noticed a meat beast
    69 | D        | Noticed a meat beast
    71 | D        | Noticed a meat beast
    72 | D        | Noticed a dread
    72 | D        | Killed a meat beast
    72 | D        | Killed a destroyer
    73 | D        | Reached skill level 27 in Maces & Flails
    73 | D        | Reached skill level 27 in Polearms
    73 | D        | Reached skill level 27 in Ranged Weapons
    73 | D        | Reached skill level 27 in Throwing
    73 | D        | Reached skill level 27 in Shapeshifting
    73 | D        | Reached skill level 27 in Staves
    73 | D        | Killed a meat beast
    73 | D        | Killed a meat beast
    73 | D        | Killed a meat beast
    74 | D        | Noticed a destroyer
    77 | D        | Killed a dread
    78 | D        | Killed a destroyer
    84 | D        | Noticed a meat beast
    84 | D        | Noticed a dread
    84 | D        | Noticed a large bag of meat
    85 | D        | Noticed a destroyer
    86 | D        | Noticed a meat beast
    86 | D        | Noticed a meat beast
    86 | D        | Noticed an accursed
    86 | D        | Noticed a meat beast
    86 | D        | Noticed a meat beast
    87 | D        | Noticed a destroyer
    87 | D        | Killed a dread
    88 | D        | Noticed an accursed
    88 | D        | Noticed a destroyer
    88 | D        | Killed an accursed
    88 | D        | Noticed a meat beast
    89 | D        | Killed a meat beast
    89 | D        | Killed a large bag of meat
    90 | D        | Noticed a meat beast
    90 | D        | Noticed a large bag of meat
    90 | D        | Killed a meat beast
    90 | D        | Killed a destroyer
    90 | D        | Noticed a meat beast
    91 | D        | Noticed a destroyer
    91 | D        | Killed a meat beast
    91 | D        | Killed a meat beast
    91 | D        | Killed a meat beast
    91 | D        | Killed a meat beast
    92 | D        | Noticed a dread
    92 | D        | Killed a meat beast
    92 | D        | Noticed a meat beast
    92 | D        | Noticed a meat beast
    92 | D        | Annihilated by a destroyer

Illustrated notes

Levels and vault maps discovered:
D:        meatsprint

Skill      XL: |  1  2  3  4  5  6  7  8  9 10 11 12 13 14 15 16 17 18 19 20 21 22 23 24 25 26 27 |
---------------+----------------------------------------------------------------------------------+-----
Fighting       | 3 9 12 14 27 | 27.0
Axes           | 6 20 24 27 | 27.0
Dodging        | 22 23 24 26 27 | 27.0
Stealth        | 17 18 19 22 23 26 27 | 27.0
Short Blades   | 5 7 14 16 20 21 24 27 | 27.0
Armour         | 6 8 15 17 21 23 26 27 | 27.0
Unarmed Combat | 6 8 15 17 21 23 26 27 | 27.0
Spellcasting   | 6 7 13 15 18 20 22 27 | 27.0
Conjurations   | 6 7 13 15 18 20 22 27 | 27.0
Hexes          | 6 7 13 15 18 20 22 27 | 27.0
Summonings     | 6 7 13 15 18 20 22 27 | 27.0
Necromancy     | 6 7 13 15 18 20 22 27 | 27.0
Translocations | 6 7 13 15 18 20 22 27 | 27.0
Fire Magic     | 6 7 13 15 18 20 22 27 | 27.0
Ice Magic      | 6 7 13 15 18 20 22 27 | 27.0
Air Magic      | 6 7 13 15 18 20 22 27 | 27.0
Earth Magic    | 6 7 13 15 18 20 22 27 | 27.0
Alchemy        | 6 7 13 15 18 20 22 27 | 27.0
Invocations    | 6 8 15 17 21 23 26 27 | 27.0
Long Blades    | 9 15 18 22 27 | 27.0
Maces & Flails | 8 13 17 20 27 | 27.0
Polearms       | 8 13 17 20 27 | 27.0
Ranged Weapons | 7 13 16 20 27 | 27.0
Throwing       | 7 13 16 20 27 | 27.0
Shields        | 9 15 19 23 27 | 27.0
Evocations     | 9 15 19 23 27 | 27.0
Shapeshifting  | 7 13 16 20 27 | 27.0
Staves         | 27 | 27.0

Action                     |  1- 3 |  4- 6 |  7- 9 | 10-12 | 13-15 | 16-18 | 19-21 | 22-24 | 25-27 || total
---------------------------+-------+-------+-------+-------+-------+-------+-------+-------+-------++-------
  Melee: Executioner's axe |     1 |       |       |     1 |     2 |     4 |     7 |    10 |    41 ||    66
   Cast: Death Channel     |       |       |       |       |       |     1 |       |       |       ||     1
         Vhi's Electric Ch |       |       |       |       |       |       |     3 |     2 |    15 ||    20
         Disjunction       |       |       |       |       |       |       |       |       |     1 ||     1
         Dragon's Call     |       |       |       |       |       |       |       |       |     1 ||     1
   Stab: Distracted        |       |       |       |       |       |       |     1 |       |       ||     1
 Armour: Robe              |       |       |       |     1 |       |     1 |     1 |     3 |    28 ||    34
  Dodge: Dodged            |       |       |       |     1 |       |       |       |       |     2 ||     3
